 Dungeon Crawl Stone Soup version 0.31-a0-188-g5e087ee2ca (webtiles) character file.

Game seed: 13315331693492209248

448 qw the Skirmisher (level 6, -1/35 HPs)
             Began as a Deep Elf Hunter on June 23, 2023.
             Slain by a gnoll
             ... wielding a +0 flail
              (8 damage)
             ... on level 4 of the Dungeon.
             The game lasted 00:00:50 (2254 turns).

qw the Skirmisher (Deep Elf Hunter)                 Turns: 2254, Time: 00:00:51

Health: -1/35      AC:  6    Str: 10    XL:     6   Next: 73%
Magic:  8/8        EV: 11    Int: 14    God:
Gold:   69         SH:  0    Dex: 18    Spells: 5/5 levels left

rFire   . . .        Y - +0 shortbow
rCold   . . .        (shield currently unavailable)
rNeg    + . .        g - +0 ring mail
rPois   .            d - +0 helmet
rElec   .            (no cloak)
rCorr   .            (no gloves)
SInv    .            (no boots)
Will    .....        (no amulet)
Stlth   +            b - ring of positive energy
HPRegen 0.25/turn    (no ring)
MPRegen 0.11/turn

%: no passive effects
@: mighty
A: no striking features
a: no special abilities


You were on level 4 of the Dungeon.
You visited 1 branch of the dungeon, and saw 4 of its levels.

You collected 69 gold pieces.


   Skills:
 - Level 2.0 Fighting
 - Level 10.2 Ranged Weapons
 + Level 0.0 Armour
 - Level 3.1 Dodging
 - Level 1.2 Stealth


You had 5 spell levels left.
You didn't know any spells.
Your spell library was empty.

Inventory:

Hand Weapons
 Y - a +0 shortbow (weapon)
Armour
 d - a +0 helmet (worn)
 g - a +0 ring mail (worn)
Jewellery
 b - a ring of positive energy (left hand)
Scrolls
 a - 3 scrolls of identify
Potions
 c - a potion of enlightenment
 e - a potion of mutation
 f - a potion of might

Dungeon Overview and Level Annotations

Branches:
Dungeon (4/15)
 Temple: D:4-7

Altars:
Ru
Trog


Message History

2245 ||| PLANNING OSSUARY
2245 ||| Stepping ~*~*~tactically~*~*~ (outnumbered).
You shoot an arrow. The gnoll shouts!
The arrow hits the gnoll.
The gnoll is heavily wounded.
The gnoll hits you with a +0 whip.
You shoot an arrow. The arrow hits the gnoll.
The gnoll is almost dead.
The gnoll hits you but does no damage. The gnoll hits you with a +0 whip.
You shoot an arrow. The arrow barely misses the gnoll.
The gnoll hits you with a +0 whip. The gnoll hits you with a +0 club.
You shoot an arrow. The arrow hits the gnoll.
The gnoll is almost dead.
The gnoll completely misses you. The gnoll hits you with a +0 club.
The gnoll hits you but does no damage.
You shoot an arrow.
The arrow hits the gnoll but does no damage.
The gnoll is almost dead.
The gnoll barely misses you. x3
You shoot an arrow. The arrow hits the gnoll.
You kill the gnoll!
The gnoll hits you with a +0 flail. The gnoll hits you with a +0 club.
The orc hits you but does no damage.
Your Dodging skill increases to level 3!
You shoot an arrow. The arrow barely misses the orc wizard.
The arrow hits the orc wizard.
The orc wizard is moderately wounded.
The gnoll hits you but does no damage. The orc hits you but does no damage.
The orc wizard hits you but does no damage.
The gnoll hits you with a +0 club.
You shoot an arrow.
The arrow barely misses the orc wizard. x2
The orc hits you but does no damage.
The orc wizard hits you but does no damage.
The gnoll hits you with a +0 club. The gnoll hits you with a +0 flail.
You shoot an arrow.
The arrow hits the orc wizard but does no damage.
The orc wizard is lightly wounded.
The gnoll hits you with a +0 flail!
You die...

######
...#. #
o... ###.#
...#..#.#
.......# #
.[....# #.
#.#...#
#..#oo...#
#..o@g...#
##.#g)...#
#<.#....##
#. ...#.#
#. ...#.#
# ###.# #
.# ..


You could see 2 orc wizards, 2 gnolls and an orc.

Vanquished Creatures
  Grinder (D:3)
  Sigmund (D:2)
  Natasha (D:3)
  A gnoll (D:4)
  2 adders (D:2)
  A worm (D:2)
  3 dart slugs
  4 bats
  5 endoplasms
  5 giant cockroaches
  5 goblins
  4 hobgoblins
  5 kobolds
  A quokka (D:3)
  8 ball pythons
  6 frilled lizards
  2 rats
55 creatures vanquished.

Notes
Turn   | Place    | Note
-------+----------+-------------------------------------------
     0 | D:1      | qw the Deep Elf Hunter began the quest for the Orb.
     0 | D:1      | Reached XP level 1. HP: 12/12 MP: 3/3
     0 | D:1      | 0 ||| qw: Version: 0.3-a-9-g12657ce
     0 | D:1      | 0 ||| qw: Game counter: 3705
     0 | D:1      | 0 ||| qw: Always use a shield: true
     0 | D:1      | 0 ||| qw: God list: Okawaru
     0 | D:1      | 0 ||| qw: Allow faded altars: false
     0 | D:1      | 0 ||| qw: Do Orc after D:15 true
     0 | D:1      | 0 ||| qw: Do second Lair branch before Depths: true
     0 | D:1      | 0 ||| qw: Lair rune preference: random
     0 | D:1      | 0 ||| qw: Plans: Normal
     0 | D:1      | 0 ||| PLANNING D:1-11
    68 | D:1      | Reached XP level 2. HP: 16/16 MP: 4/4
    75 | D:1      | Reached skill level 6 in Ranged Weapons
   656 | D:1      | 656 ||| UPGRADING to +0 ring mail.
   666 | D:1      | 666 ||| DROPPING +0 leather armour.
   667 | D:1      | 667 ||| READING scroll labelled OTOTOU ELYU.
   668 | D:1      | 668 ||| READING scroll labelled TAINTO CASHAOD.
   669 | D:1      | 669 ||| DROPPING scroll of butterflies.
   788 | D:2      | Reached XP level 3. HP: 20/20 MP: 5/5
   887 | D:2      | Reached skill level 7 in Ranged Weapons
   955 | D:2      | Noticed Sigmund
   965 | D:2      | Killed Sigmund
   966 | D:2      | Reached skill level 9 in Ranged Weapons
   966 | D:2      | Reached XP level 4. HP: 10/25 MP: 6/6
   966 | D:2      | Reached XP level 5. HP: 12/29 MP: 7/7
  1083 | D:2      | Found a sacrificial altar of Ru.
  1287 | D:2      | 1287 ||| DRINKING 2 fizzy emerald potions.
  1518 | D:2      | 1518 ||| READING scroll labelled LEBUKL HAWN.
  1519 | D:2      | 1519 ||| READING 3 scrolls of identify.
  1519 | D:2      | 1519 ||| IDENTIFYING bubbling pink potion
  1520 | D:2      | 1520 ||| READING 2 scrolls of identify.
  1520 | D:2      | 1520 ||| IDENTIFYING fizzy yellow potion
  1521 | D:2      | 1521 ||| DROPPING potion of lignification.
  1522 | D:2      | 1522 ||| DROPPING potion of berserk rage.
  1556 | D:3      | Noticed Grinder
  1557 | D:3      | Paralysed by Grinder for 2 turns
  1565 | D:3      | 1565 ||| FLEEEEING.
  1569 | D:3      | 1569 ||| FLEEEEING.
  1580 | D:3      | 1580 ||| FLEEEEING.
  1581 | D:3      | 1581 ||| FLEEEEING.
  1582 | D:3      | 1582 ||| STAIRDANCE
  1599 | D:3      | Paralysed by Grinder for 2 turns
  1602 | D:3      | Killed Grinder
  1603 | D:3      | Reached skill level 10 in Ranged Weapons
  1603 | D:3      | Reached XP level 6. HP: 35/35 MP: 8/8
  1735 | D:3      | Found a bloodstained altar of Trog.
  2166 | D:3      | Noticed Natasha
  2178 | D:3      | Killed Natasha
  2228 | D:3      | 2228 ||| UPGRADING to +0 helmet.
  2233 | D:3      | 2233 ||| UPGRADING to ring of positive energy.
  2234 | D:3      | 2234 ||| READING scroll labelled KYGYNYCSUO.
  2239 | D:3      | 2239 ||| DRINKING 2 fizzy pink potions.
  2240 | D:3      | 2240 ||| READING 4 scrolls of identify.
  2240 | D:3      | 2240 ||| IDENTIFYING dark potion
  2245 | D:4      | 2245 ||| PLANNING OSSUARY
  2245 | D:4      | 2245 ||| Stepping ~*~*~tactically~*~*~ (outnumbered).
  2252 | D:4      | Reached skill level 3 in Dodging
  2253 | D:4      | HP: 8/35 [gnoll/+0 club (5)]
  2254 | D:4      | Slain by a gnoll

Levels and vault maps discovered:
D:1:      dpeg_arrival_boxorama, layout_basic
D:2:      layout_loops_ring, shapermc_ecumenical_altar_petra, basic_altar,
          serial_bayou_lagoon_b, uniq_sigmund
D:3:      layout_basic, bloody_trog, lightli_corner_chamber, uniq_natasha,
          uniq_grinder
D:4:      layout_basic, mainiacjoe_overflow_surrounded_room,
          minmay_temple_entry_offerings, nicolae_ossuary_entry_ruins,
          uniq_duvessa

Skill      XL: |  1  2  3  4  5  6 |
---------------+-------------------+-----
Ranged Weapons | 6 9 10 | 10.2
Fighting       | 2 |  2.0
Dodging        | 3 |  3.1
Stealth        | |  1.2

Action                     |  1- 3 |  4- 6 || total
---------------------------+-------+-------++-------
   Fire: Shortbow          |    83 |    82 ||   165
    Use: Scroll            |     2 |     5 ||     7
         Potion            |       |     2 ||     2
 Armour: Leather armour    |     6 |       ||     6
         Ring mail         |     4 |    13 ||    17
  Dodge: Dodged            |    17 |    17 ||    34

Table legend:
 A = Non-vault XP
 B = Vault XP
 C = Vault XP percentage of total XP
 D = Non-vault monster count
 E = Vault monster count
 F = Vault count percentage of total count
                 A         B        C        D         E       F
            +---------+---------+-------+---------+---------+-------
      Total |     129 |     511 |  79.8 |      52 |       3 |   5.5
            +---------+---------+-------+---------+---------+-------
        D:1 |      36 |       0 |   0.0 |      20 |       0 |   0.0
        D:2 |      73 |     214 |  74.6 |      26 |       1 |   3.7
        D:3 |       6 |     297 |  98.0 |       5 |       2 |  28.6
        D:4 |      14 |       0 |   0.0 |       1 |       0 |   0.0
            +---------+---------+-------+---------+---------+-------
